Unix NetHack Version 5.0.0-0 post-release - last build May  4 2026 22:22:43 (774f63e81ad911689b3a0859ea89b322d5daca8d,branch:main).

Game began 2026-05-06 10:26:27, ended 2026-05-06 10:41:18.

DiePARTEI, lawful male human Knight

                                 ---------------
                                #..............|
             -------            #|.............|
             |.....|            #|.............|
            #.......            #|.............|
            #|.....|           ##|.............|
      ----- #|.....+           # ---+-.---------
      |...|##-.-----           #      ###
      |....#  ##           ##  # #      ###
   ----...|    #            #######       ##
   |......|    #            # ---.-----    ####
   |.......##  ##%#         # |....{..|       #
   |......| #     #         ##........|     --.---       -----
   ----...| #     #        ###|.......|     |<...|       |...|
      |...| #    ####      ## ---------     |....|    ###....|
      |...| ###-----.---#e###               |.....#####  |...|
      -----   #....%...|@r                  |....|       -----
               |0>....^Z##                  |....|
               ---------                    ------

DiePARTEI the Esquire    St:14 Dx:8 Co:14 In:7 Wi:16 Ch:17  Lawful
Dlvl:4  $:47 HP:0(29) Pw:16(16) AC:3  Xp:3 T:1548  Burdened

Latest messages:
 The saddled pony drops a lembas wafer.
 The saddled pony picks up a lembas wafer.
 The saddled pony drops a lembas wafer.
 You see here a food ration.
 You have a little trouble lifting G - a food ration (2 in total).
 In what direction? 6
 You can't kick something that's in a pit!
 You hear some noises in the distance.
 The iguana bites!
 You hit the iguana!
 The iguana bites!
 You miss the iguana.
 The iguana misses!
 You miss the iguana.
 The iguana bites!
 The iguana bites!
 You miss the iguana.
 You kill the iguana!
 The gnome zombie falls into a pit!
 The gnome zombie is destroyed!
 The iguana falls into a pit!
 You kill the iguana!
 The gnome zombie falls into a pit!
 You destroy the gnome zombie!
 You hit the floating eye!
 You are frozen by the floating eye's gaze!
 Click!  The human zombie triggers a rolling boulder trap.
 The kobold zombie hits!
 The kobold zombie hits!
 The kobold zombie hits!
 The kobold zombie hits!
 The kobold zombie hits!
 The kobold zombie hits!
 The kobold zombie hits!
 The kobold zombie hits!
 Click!  The elf zombie triggers a rolling boulder trap.
 The kobold zombie misses!
 The kobold zombie hits!
 The sewer rat misses!
 The sewer rat bites!
 The sewer rat misses!
 You hear the splashing of a naiad.
 The sewer rat bites!
 The sewer rat bites!
 You die...
 Do you want your possessions identified? [ynq] (y) y
 Do you want to see your attributes? [ynq] (y) y
 Do you want an account of creatures vanquished? [ynaq] (y) y
 Do you want to see your conduct and achievements? [ynq] (y) y
 Do you want to see the dungeon overview? [ynq] (y) y

Inventory:
 Coins    ('$')
  $ - 47 gold pieces
 Weapons  (')')
  j - 14 +0 arrows
  k - a rusty +0 arrow
  a - a +1 long sword (weapon in left hand)
  n - a +0 bardiche
  b - a +1 lance (alternate weapon; not wielded)
 Armor    ('[')
  d - an uncursed +0 helmet (being worn)
  f - an uncursed +0 pair of leather gloves (being worn)
  e - an uncursed +0 small shield (being worn)
  c - an uncursed +1 ring mail (being worn)
 Comestibles  ('%')
  g - 6 uncursed apples
  h - 11 uncursed carrots
  G - 2 uncursed food rations
  N - an uncursed lembas wafer
 Scrolls  ('?')
  t - an uncursed scroll of enchant armor
  w - an uncursed scroll of identify
  o - a cursed scroll of scare monster
 Spellbooks  ('+')
  u - an uncursed spellbook of blank paper
 Potions  ('!')
  B - an uncursed potion of gain ability
  p - a cursed potion of gain energy
  q - 2 uncursed potions of healing
  L - a cursed potion of healing named cursed
  C - an uncursed potion of oil
  s - a potion of unholy water
 Rings    ('=')
  J - an uncursed +1 ring of gain strength
  x - a cursed ring of hunger
  K - an uncursed +2 ring of increase accuracy
  I - an uncursed ring of sustain ability
 Wands    ('/')
  D - a wand of locking (0:2)
 Tools    ('(')
  v - an uncursed oil lamp
  m - a cursed tin opener
 Gems/Stones  ('*')
  i - an uncursed aquamarine stone
  F - an uncursed worthless piece of orange glass

DiePARTEI the Knight's attributes:

Background:
 You were an Esquire, a level 3 male human Knight.
 You were lawful, nominally on a mission for Lugh
 who was opposed by Brigit (neutral) and Manannan Mac Lir (chaotic).
 You were left-handed.
 You were in the Dungeons of Doom, on level 4.
 You entered the dungeon 1548 turns ago.
 You had 59 experience points, 21 more were needed to attain level 4.

Basics:
 You had 0 out of 29 hit points.
 You had all 16 energy points (spell power).
 Your armor class was 3.
 Your wallet contained 47 zorkmids.
 Autopickup was off.

Final Characteristics:
 Your strength was 14 (limit:18/100).
 Your dexterity was 8 (limit:18).
 Your constitution was 14 (limit:18).
 Your intelligence was 7 (limit:18).
 Your wisdom was 16 (limit:18).
 Your charisma was 17 (limit:18).

Final Status:
 You weren't hungry.
 You were burdened; movement was slightly slowed.
 You were wielding a long sword.
 You had basic skill with long sword.

Final Attributes:
 You were devoutly aligned.
 You could jump.
 You were warded.
 You are dead.

Miscellaneous:
 You didn't encounter any bones levels.
 Total elapsed playing time was 14 minutes and 50 seconds.

Major events:
 Turn
    1: DiePARTEI the lawful male human Knight entered the dungeon
 1031: attained the rank of Esquire (level 3)
 1548: killed by a sewer rat, while frozen by a floating eye's gaze

You didn't know any spells.

Skills:
 Fighting Skills
   bare handed combat [Unskilled]
   two weapon combat  [Unskilled]
   riding             [Basic]
 Weapon Skills
   dagger             [Unskilled]
   knife              [Unskilled]
   axe                [Unskilled]
   pick-axe           [Unskilled]
   short sword        [Unskilled]
   broadsword         [Unskilled]
   long sword         [Basic]
   two-handed sword   [Unskilled]
   saber              [Unskilled]
   club               [Unskilled]
   mace               [Unskilled]
   morning star       [Unskilled]
   flail              [Unskilled]
   hammer             [Unskilled]
   polearms           [Unskilled]
   spear              [Unskilled]
   trident            [Unskilled]
   lance              [Basic]
   bow                [Unskilled]
   crossbow           [Unskilled]
 Spellcasting Skills
   attack spells      [Unskilled]
   healing spells     [Unskilled]
   clerical spells    [Unskilled]

Voluntary challenges:
 Character rerolling was not enabled.
 You were an atheist.
 You never genocided any monsters.
 You never polymorphed an object.
 You never changed form.
 You used no wishes.
Achievements:
 You attained the rank of Esquire.
 You entered a shop.

 The Dungeons of Doom: levels 1 to 4
    Level 1:
       A sink.
    Level 2:
       A fountain.
    Level 3:
       A ring shop.
    Level 4: <- You were here.
       A fountain.
       Final resting place for
          you, killed by a sewer rat, while frozen by a floating eye's gaze.


Vanquished creatures:
  2 iguanas
  a brown mold
  2 gnome zombies
  4 jackals
  a fox
  a kobold
  a goblin
  a sewer rat
  3 grid bugs
  2 bats
  a lichen
  2 kobold zombies
  5 newts
26 creatures vanquished.

No species were genocided or became extinct.

Game over:
                       ----------
                      /          \
                     /    REST    \
                    /      IN      \
                   /     PEACE      \
                  /                  \
                  |    DiePARTEI     |
                  |      47 Au       |
                  |   killed by a    |
                  |    sewer rat     |
                  |                  |
                  |                  |
                  |       2026       |
                 *|     *  *  *      | *
        _________)/\\_//(\/(/\)/\//\/|_)_______

Fare thee well DiePARTEI the Knight...

You died in The Dungeons of Doom on dungeon level 4 with 429 points,
and 47 pieces of gold, after 1548 moves.
You were level 3 with a maximum of 29 hit points when you died.

